 Dungeon Crawl Stone Soup version 0.29.0-11-gd7f09526c8 (webtiles) character file.

Game seed: 17864409685615257921

2041 mtoz the Twirler (level 9, -1/69 HPs)
             Began as a Gnoll Wanderer on Sept 6, 2022.
             Succumbed to a hornet's poison
             ... on level 8 of the Dungeon.
             The game lasted 00:59:03 (10859 turns).

mtoz the Twirler (Gnoll Wanderer)                  Turns: 10859, Time: 00:59:04

Health: -1/69      AC: 15    Str: 12    XL:     9   Next: 24%
Magic:  16/16      EV:  6    Int: 15    God:
Gold:   159        SH:  0    Dex: 12    Spells: 17/18 levels left

rFire   + . .      SeeInvis .   a - +0 quarterstaff (freeze)
rCold   . . .      Faith    .   (shield currently unavailable)
rNeg    . . .      Spirit   .   t - +0 chain mail
rPois   .          Reflect  .   (no helmet)
rElec   .          Harm     .   s - +2 cloak
rCorr   .          Rampage  .   z - +2 pair of gloves
Will    .....                   q - +2 pair of boots
Stlth   ..........              (no amulet)
HPRegen 0.21/turn               H - ring of protection from fire
MPRegen 0.15/turn               (no ring)

@: lethally poisoned (-1 -> -6), slowed, very slow
A: fangs 1, strong nose, distributed training, deformed body, noise suppression
a: no special abilities


You were on level 8 of the Dungeon.
You visited 2 branches of the dungeon, and saw 9 of its levels.

You collected 481 gold pieces.
You spent 322 gold pieces at shops.

Inventory:

Hand Weapons
 a - a +0 quarterstaff of freezing (weapon)
 b - a +0 sling
 u - a +0 mace
 w - a +1 dagger of venom
 x - a +0 dagger
 y - a +0 falchion
 A - the +0 staff of Battle
   (You found it on level 3 of the Dungeon)

   It enhances your conjuration magic.
   It summons a battlesphere in combat, with strength depending on Conjurations
   skill.
   Its strikes trigger the battlesphere's blasts.
 E - a +0 trident
 F - a +1 dire flail of venom
 L - the +12 short sword of Bloodstone {pain, rPois rC- Will+ Str+4}
   (You found it on level 7 of the Dungeon)

   In the hands of one skilled in necromantic magic, it inflicts extra damage on
   living creatures.
   Str:       It affects your strength (+4).
   rC:        It makes you vulnerable to cold.
   rPois:     It protects you from poison.
   Will:      It increases your willpower.
 M - a +0 short sword of venom
Missiles
 f - 138 stones
 B - 22 poisoned darts
Armour
 d - a +0 robe
 k - a +0 ring mail
 q - a +2 pair of boots (worn)
 s - a +2 cloak (worn)
 t - a +0 chain mail (worn)
 v - a +0 leather armour
 z - a +2 pair of gloves (worn)
Magical Staves
 e - a staff of death
 G - a staff of death
Jewellery
 r - an amulet of faith
 H - a ring of protection from fire (left hand)
Wands
 C - a wand of flame (10)
 J - a wand of iceblast (7)
Scrolls
 c - a scroll of fear
 g - a scroll of enchant weapon
 h - a scroll of blinking {unknown}
 l - 8 scrolls of teleportation
 m - a scroll of amnesia {unknown}
 p - a scroll of immolation
 I - 2 scrolls of enchant armour
 K - a scroll of fog {unknown}
Potions
 i - 2 potions of lignification
 j - 2 potions of might
 n - 3 potions of flight
 o - 2 potions of curing
 D - 2 potions of berserk rage {unknown}


   Skills:
 + Level 6.3 Fighting
 + Level 4.2 Short Blades
 + Level 4.2 Long Blades
 + Level 4.2 Axes
 + Level 4.2 Maces & Flails
 + Level 4.2 Polearms
 + Level 6.3 Staves
 + Level 4.2 Ranged Weapons
 + Level 5.0 Throwing
 + Level 5.0 Armour
 + Level 4.2 Dodging
 + Level 4.9 Stealth
 + Level 4.2 Shields
 + Level 4.2 Unarmed Combat
 + Level 5.1 Spellcasting
 + Level 3.4 Conjurations
 + Level 3.4 Hexes
 + Level 3.4 Summonings
 + Level 3.4 Necromancy
 + Level 3.4 Translocations
 + Level 5.2 Transmutations
 + Level 3.4 Fire Magic
 + Level 3.4 Ice Magic
 + Level 3.4 Air Magic
 + Level 3.4 Earth Magic
 + Level 3.4 Poison Magic
 + Level 4.6 Invocations
 + Level 4.2 Evocations


You had 17 spell levels left.
You knew the following spells:

 Your Spells              Type           Power      Damage    Failure   Level
a - Sting                 Tmut/Pois      64%        1d6       65%         1

Your spell library contained the following spells:

 Spells                   Type           Power      Damage    Failure   Level
 Summon Small Mammal      Summ           56%        N/A       77%         1
 Static Discharge         Conj/Air       14%        3-5/arc   88%         2
 Spider Form              Tmut/Pois      16%        N/A       95%         3
 Ignite Poison            Fire/Tmut/Pois 16%        N/A       96%         3
 Call Canine Familiar     Summ           14%        N/A       98%         3
 Stone Arrow              Conj/Erth      28%        3d8       98%         3
 Summon Guardian Golem    Hex/Summ       14%        N/A       98%         3
 Animate Armour           Summ/Erth      28%        N/A       100%        4
 Lightning Bolt           Conj/Air       7%         1d19      100%        5
 Lehudib's Crystal Spear  Conj/Erth      7%         10d3      100%        8
 Maxwell's Capacitive Co  Air            7%         ∞         100%        8


Dungeon Overview and Level Annotations

Branches:
Dungeon (8/15)             Temple (1/1) D:6
   Lair: D:8-11

Altars:
Ashenzari
Dithmenos
Elyvilon
Fedhas
Gozag
Hepliaklqana
Kikubaaqudgha
Nemelex Xobeh
Okawaru
Qazlal
Ru
Sif Muna
Uskayaw
Vehumet
Wu Jian
Xom
Yredelemnul
Zin
The Shining One

Shops:
D:6 ::?(

Annotations:
D:3 1 runed translucent door, Hyawatha's ghost, amateur TrSu
D:5 2 transporters, heinrich's ghost, weakling VSDe
D:6 2 transporters, bear's ghost, novice DjHW


Innate Abilities, Weirdness & Mutations

You have very sharp teeth.
Your uncanny sense of smell can sniff out nearby items.
Your experience applies equally to all skills.
Armour fits poorly on your strangely shaped body.
You passively dampen the noise of your surroundings.


Message History

You are poisoned.
You feel as though you will be slow longer.
You miss the hornet.
The hornet is moderately wounded.
You feel very sick.
The hornet stings you but does no damage.
The hornet stings you!
You feel as though you will be slow longer.
The hornet barely misses you.
You barely miss the hornet.
The hornet is moderately wounded.
You feel sick. The hornet stings you!
You suddenly lose the ability to move!
The hornet stings you!
* * * LOW HITPOINT WARNING * * *
You feel as though you will be slow longer.
You can move again.
You feel better. The hornet stings you.
* * * LOW HITPOINT WARNING * * *
You are poisoned.
You shrug off the repeated paralysis!
The hornet stings you!
* * * LOW HITPOINT WARNING * * *
You shrug off the repeated paralysis!
You feel better. The hornet barely misses you. The hornet stings you.
* * * LOW HITPOINT WARNING * * *
You are poisoned.
You feel as though you will be slow longer.
You miss the hornet.
The hornet is moderately wounded.
* * * LOW HITPOINT WARNING * * *
You feel very sick. The hornet stings you.
* * * LOW HITPOINT WARNING * * *
You feel as though you will be slow longer.
The hornet stings you but does no damage.
The hornet stings you.
* * * LOW HITPOINT WARNING * * *
You feel as though you will be slow longer.
You barely miss the hornet.
The hornet is moderately wounded.
You die...

#..... ....#.......
..).. #....
#...(.$..... ####+
#...##.#.........
#...#...........
######
#.....#.........
.....#
##..............
.....#
#.#........## ∆
.....# #......y####
.....# ##.#...@.###
.....# #..#......#
..## .....##
##.##..##..# ..##
##+ ......## ##
#...##...# ........
.......# #...# ##..
...#.... .....#.##
#...## #####.......
...<.#..#
##...###.......>...
#######.#
#.........#.....#
#.########.......#
#.#


You could see a hornet.

Vanquished Creatures
  2 steam dragons
  Edmund (D:4)
  3 ice beasts
  An ogre (D:7)
  2 phantoms
  2 kobold brigands
  A bullfrog (D:8)
  A necrophage (D:6)
  A scorpion (D:4)
  3 howler monkeys
  4 jellies
  3 orc priests
  5 iguanas
  5 orc wizards
  4 gnolls
  9 adders
  A white imp (D:7)
  An ufetubus (D:7)
  2 dart slugs (D:2)
  22 orcs
  5 ball pythons
  7 endoplasms
  2 giant cockroaches (D:1)
  16 goblins
  10 hobgoblins
  3 jackals (D:1)
  3 quokkas
  4 bats
  4 frilled lizards (D:2)
  19 kobolds
  7 rats
153 creatures vanquished.

Vanquished Creatures (others)
  A kobold (D:7)
1 creature vanquished.

Grand Total: 154 creatures vanquished

Notes
Turn   | Place    | Note
-------+----------+-------------------------------------------
     0 | D:1      | mtoz the Gnoll Wanderer began the quest for the Orb.
     0 | D:1      | mtoz set off with the following items: a +0 quarterstaff, a
                  | +0 cloak, a scroll of fear, a +0 robe; and the following
                  | spell memorised: Sting; and the following spells available
                  | to memorise: Spider Form, Ignite Poison.
     0 | D:1      | Reached XP level 1. HP: 20/20 MP: 4/4
   205 | D:1      | Reached XP level 2. HP: 16/26 MP: 5/5
  1282 | D:1      | Reached XP level 3. HP: 25/31 MP: 7/7
  1841 | D:2      | Reached skill level 1 in Invocations
  1976 | D:1      | Reached skill level 1 in Short Blades
  1976 | D:1      | Reached skill level 1 in Long Blades
  1976 | D:1      | Reached skill level 1 in Axes
  1976 | D:1      | Reached skill level 1 in Maces & Flails
  1976 | D:1      | Reached skill level 1 in Polearms
  1976 | D:1      | Reached skill level 1 in Ranged Weapons
  1976 | D:1      | Reached skill level 1 in Dodging
  1976 | D:1      | Reached skill level 1 in Shields
  1976 | D:1      | Reached skill level 1 in Unarmed Combat
  1976 | D:1      | Reached skill level 1 in Evocations
  2286 | D:2      | Reached XP level 4. HP: 38/38 MP: 8/8
  2586 | D:2      | Reached skill level 1 in Conjurations
  2586 | D:2      | Reached skill level 1 in Hexes
  2586 | D:2      | Reached skill level 1 in Summonings
  2586 | D:2      | Reached skill level 1 in Necromancy
  2586 | D:2      | Reached skill level 1 in Translocations
  2586 | D:2      | Reached skill level 1 in Fire Magic
  2586 | D:2      | Reached skill level 1 in Ice Magic
  2586 | D:2      | Reached skill level 1 in Air Magic
  2586 | D:2      | Reached skill level 1 in Earth Magic
  2586 | D:2      | Reached skill level 1 in Poison Magic
  3295 | D:3      | Found the +0 staff of Battle
  3451 | D:3      | Found a faded altar of an unknown god.
  3502 | D:3      | Reached XP level 5. HP: 43/43 MP: 9/9
  3635 | D:3      | Found a runed translucent door.
  3636 | D:3      | Noticed Hyawatha's ghost (amateur TrSu)
  3834 | D:4      | Noticed Edmund
  3849 | D:4      | Killed Edmund
  3850 | D:4      | Reached XP level 6. HP: 12/50 MP: 7/11
  4435 | D:3      | Reached skill level 5 in Fighting
  4435 | D:3      | Reached skill level 5 in Staves
  4899 | D:4      | hehe
  5380 | D:5      | Entered Level 5 of the Dungeon
  5500 | D:5      | Reached XP level 7. HP: 56/56 MP: 12/12
  6002 | D:5      | Found a transporter.
  6004 | D:5      | Noticed heinrich's ghost (weakling VSDe)
  6007 | D:5      | Found a transporter.
  6111 | D:5      | Found a glowing golden altar of the Shining One.
  6676 | D:6      | Found Ontiboj's Book Shoppe.
  6727 | D:6      | Found Lottiudu's Book Shop.
  6939 | D:6      | Found Nehioff's Magic Scroll Boutique.
  6947 | D:6      | Bought a scroll of identify for 28 gold pieces
  6947 | D:6      | Bought a scroll of identify for 28 gold pieces
  6947 | D:6      | Bought a scroll of enchant armour for 105 gold pieces
  6947 | D:6      | Bought a scroll of identify for 28 gold pieces
  6947 | D:6      | Bought a scroll of enchant armour for 105 gold pieces
  6947 | D:6      | Bought a scroll of identify for 28 gold pieces
  6952 | D:6      | Gained mutation: You are somewhat resistant to further
                  | mutation. [potion of mutation]
  6952 | D:6      | Gained mutation: You are dopey. (Int -2) [potion of
                  | mutation]
  7069 | D:6      | Found Asyost's Weapon Shoppe.
  7131 | D:6      | Reached XP level 8. HP: 63/63 MP: 14/14
  7300 | D:6      | Noticed bear's ghost (novice DjHW)
  7334 | D:6      | Found a transporter.
  7343 | D:6      | Lost mutation: You are somewhat resistant to further
                  | mutation. [potion of mutation]
  7343 | D:6      | Lost mutation: You are dopey. (Int -2) [potion of mutation]
  7343 | D:6      | Gained mutation: You passively dampen the noise of your
                  | surroundings. [potion of mutation]
  7343 | D:6      | Gained mutation: Armour fits poorly on your strangely
                  | shaped body. [potion of mutation]
  7348 | D:6      | Found a transporter.
  7361 | D:6      | Found a staircase to the Ecumenical Temple.
  8841 | D:7      | Reached skill level 5 in Transmutations
  8990 | D:7      | Reached XP level 9. HP: 57/69 MP: 16/16
  9115 | D:7      | Reached skill level 5 in Spellcasting
  9131 | D:7      | Identified the +12 short sword of Bloodstone {pain, rPois
                  | rC- Will+ Str+4}
  9521 | D:7      | Reached skill level 5 in Throwing
  9521 | D:7      | Reached skill level 5 in Armour
 10339 | D:8      | Noticed a hornet
 10664 | Temple   | Entered the Ecumenical Temple
 10855 | D:8      | Paralysed by a hornet for 1 turns
 10858 | D:8      | HP: 1/69 [hornet (4)]
 10859 | D:8      | Succumbed to a hornet's poison

Illustrated notes

*,* #.# #...#
,,******#.# #.###
,,,,,,,*#<# #.#
******,*#.# #.#
******,*#.# #.#
,,,,,∆,,..# #.#
******,*### #.#
******,**###########
#)#
**,,,,,,,......)@?.#
#.#
**,***,**#########.#
#.# **,* *,*
#.######.# ,>,* *,*
#....[...# **** *,*
########## ,*****,*
,,,,,,,* >******* **


Turn 4899 on D:4: hehe

Levels and vault maps discovered:
D:1:      dpeg_arrival_morbid_curiosity, layout_basic, minmay_pentomino_q4
D:2:      layout_basic
D:3:      layout_rooms, hellmonk_ghost_happy_afterlife,
          ebering_ecumenical_altar_mist
D:4:      layout_loops_ring, minmay_cupped, uniq_edmund
D:5:      layout_gridville, nicolae_tso_carved_into_rock,
          gammafunk_ghost_mausoleum
D:6:      layout_basic, temple_statues, gammafunk_ghost_arena, serial_shops,
          shop, nicolae_shop_trees, shop, shop_statue
D:7:      layout_gridville, enter_bailey_5
D:8:      layout_rooms, jmf_multi_god_temple
Temple:   compressed_dpeg_circular_temple

Skill      XL: |  1  2  3  4  5  6  7  8  9 |
---------------+----------------------------+-----
Invocations    | 1 2 3 4 |  4.6
Short Blades   | 1 2 3 4 |  4.2
Long Blades    | 1 2 3 4 |  4.2
Axes           | 1 2 3 4 |  4.2
Maces & Flails | 1 2 3 4 |  4.2
Polearms       | 1 2 3 4 |  4.2
Ranged Weapons | 1 2 3 4 |  4.2
Dodging        | 1 2 3 4 |  4.2
Shields        | 1 2 3 4 |  4.2
Unarmed Combat | 1 2 3 4 |  4.2
Evocations     | 1 2 3 4 |  4.2
Spellcasting   | 3 4 5 |  5.1
Conjurations   | 1 2 3 |  3.4
Hexes          | 1 2 3 |  3.4
Summonings     | 1 2 3 |  3.4
Necromancy     | 1 2 3 |  3.4
Translocations | 1 2 3 |  3.4
Fire Magic     | 1 2 3 |  3.4
Ice Magic      | 1 2 3 |  3.4
Air Magic      | 1 2 3 |  3.4
Earth Magic    | 1 2 3 |  3.4
Poison Magic   | 1 2 3 |  3.4
Throwing       | 3 4 5 |  5.0
Armour         | 3 4 5 |  5.0
Stealth        | 3 4 |  4.9
Transmutations | 4 5 |  5.2
Fighting       | 5 6 |  6.3
Staves         | 5 6 |  6.3

Action                   |  1- 3 |  4- 6 |  7- 9 || total
-------------------------+-------+-------+-------++-------
Melee: Quarterstaff      |   108 |    93 |   326 ||   527
       Bite              |    11 |    11 |    32 ||    54
       Dagger            |       |    23 |       ||    23
 Fire: Sling             |    12 |    66 |    47 ||   125
Throw: Dart              |       |       |     1 ||     1
 Cast: Sting             |     1 |     3 |       ||     4
Evoke: Wand              |       |       |     7 ||     7
  Use: Scroll            |     4 |     8 |     7 ||    19
       Potion            |       |     2 |     6 ||     8
Armor: Robe              |    17 |       |       ||    17
       Ring mail         |    16 |    53 |       ||    69
       Chain mail        |       |       |   272 ||   272
Dodge: Dodged            |    59 |    71 |   110 ||   240
